 Dungeon Crawl Stone Soup version 0.30.0-29-ga12c61a403 (webtiles) character file.

Game seed: 17651706625354185542

636 Bnni the Digger (level 7, -2/51 HPs)
             Began as a Formicid Earth Elementalist on June 21, 2023.
             Killed by divine providence
             ... invoked by an orc priest
              (14 damage)
             ... on level 5 of the Dungeon.
             The game lasted 00:08:31 (3987 turns).

Bnni the Digger (Formicid Earth Elementalist)       Turns: 3987, Time: 00:08:31

Health: -2/51      AC:  8    Str: 12    XL:     7   Next: 79%
Magic:  3/11       EV: 10    Int: 17    God:
Gold:   208        SH:  0    Dex: 14    Spells: 2/12 levels left

rFire   . . .        w - +0 quarterstaff
rCold   . . .        (no shield)
rNeg    . . .        A - +0 ring mail
rPois   .            (helmet unavailable)
rElec   .            (no cloak)
rCorr   .            (no gloves)
SInv    +            u - +2 pair of boots
Will    .....        (no amulet)
Stlth   +            (no ring)
HPRegen 0.28/turn    (no ring)
MPRegen 0.12/turn

%: no passive effects
@: no status effects
A: permanent stasis, dig shafts and tunnels, antennae 3, four strong arms
a: Dig, Shaft Self


You were on level 5 of the Dungeon.
You visited 1 branch of the dungeon, and saw 5 of its levels.

You collected 208 gold pieces.

Inventory:

Hand Weapons
 w - a +0 quarterstaff (weapon)
Missiles
 f - 5 boomerangs of dispersal
 v - 6 curare-tipped darts
Armour
 e - a +0 kite shield
 s - a +0 plate armour
 t - a +0 chain mail
 u - a +2 pair of boots (worn)
 x - a +0 scale mail
 A - a +0 ring mail (worn)
Jewellery
 m - a ring of ice
Scrolls
 g - 3 scrolls of fog
 h - 2 scrolls of fear {unknown}
 i - a scroll of magic mapping {unknown}
 n - a scroll of blinking {unknown}
 p - 2 scrolls of identify {unknown}
 y - a scroll of enchant weapon {unknown}
 z - a scroll of immolation {unknown}
Potions
 a - a potion of heal wounds {unknown}
 b - 2 potions of magic
 c - 2 potions of berserk rage {unknown}
 d - a potion of haste {unknown}
 j - 3 potions of flight {unknown}
 k - a potion of degeneration {unknown}
 l - 2 potions of cancellation {unknown}
 o - a potion of resistance {unknown}
 q - 2 potions of curing {unknown}
 r - a potion of brilliance {unknown}


   Skills:
 + Level 2.4 Fighting
 + Level 1.4 Armour
 - Level 1.7 Dodging
 - Level 2.4 Stealth
 * Level 4.5 Shields
 + Level 3.2 Spellcasting
 - Level 3.0 Conjurations
 - Level 3.0 Transmutations
 * Level 5.6 Earth Magic


You had 2 spell levels left.
You knew the following spells:

 Your Spells              Type           Power      Damage    Failure   Level
a - Sandblast             Erth           44%        2d11      3%          1
b - Passwall              Tmut/Erth      14%        N/A       10%         2
c - Stone Arrow           Conj/Erth      34%        3d9       19%         3
d - Petrify               Tmut/Erth      17%        N/A       54%         4

Your spell library contained the following spells:

 Spells                   Type           Power      Damage    Failure   Level
 Summon Guardian Golem    Hex/Summ       2%         N/A       75%         3
 Orb of Destruction       Conj           6%         9d6       100%        7
 Spellforged Servitor     Conj/Summ      3%         N/A       100%        7


Dungeon Overview and Level Annotations

Branches:
Dungeon (5/15)
 Temple: D:4-7

Altars:

Shops:
D:1 ?


Innate Abilities, Weirdness & Mutations

You cannot be hasted, slowed, berserked, paralysed or teleported.
You can dig through walls and to a lower floor.
You have a pair of large antennae on your head. (SInv)
Your four strong arms can wield two-handed weapons with a shield.


Message History

Press: ? - help, Q - select action, (/) - cycle Shift-Dir - straight line, f/p - orc priest
Aim: an orc priest, wielding a +0 club and wearing a +0 leather armour (83% to hit)
The blast of sand misses the orc wizard.
The blast of sand hits the orc priest.
The orc priest is lightly wounded.
The orc wizard hits you but does no damage.
Aiming: Sandblast (safe; 3% risk of failure)
Press: ? - help, Q - select action, (/) - cycle Shift-Dir - straight line, f/p - orc priest
Aim: an orc priest, wielding a +0 club and wearing a +0 leather armour (lightly wounded, 83% to hit)
The blast of sand hits the orc wizard!
You kill the orc wizard!
The orc priest invokes the aid of Beogh against you.
Beogh smites you!
The orc priest mumbles some strange prayers to Beogh against you.
Beogh smites you!
Unknown command.
Aiming: Sandblast (safe; 3% risk of failure)
Press: ? - help, Q - select action, (/) - cycle Shift-Dir - straight line, f/p - orc priest
Aim: an orc priest, wielding a +0 club and wearing a +0 leather armour (lightly wounded, 83% to hit)
The blast of sand hits the orc priest.
The orc priest is heavily wounded.
The orc priest hits you but does no damage.
Aiming: Sandblast (safe; 3% risk of failure)
Press: ? - help, Q - select action, (/) - cycle Shift-Dir - straight line, f/p - orc priest
Aim: an orc priest, wielding a +0 club and wearing a +0 leather armour (heavily wounded, 83% to hit)
The blast of sand misses the orc priest.
The orc priest mumbles some strange prayers to Beogh against you.
Beogh smites you!
* * * LOW HITPOINT WARNING * * *
The orc priest closely misses you.
The orc priest hits you but does no damage. x2
Aiming: Sandblast (safe; 3% risk of failure)
Press: ? - help, Q - select action, (/) - cycle Shift-Dir - straight line, f/p - orc priest
Aim: an orc priest, wielding a +0 club and wearing a +0 leather armour (heavily wounded, 83% to hit)
The blast of sand hits the orc priest but does no damage.
The orc priest is heavily wounded.
The orc priest closely misses you.
The orc priest invokes the aid of Beogh against you.
Beogh smites you!
You die...

....##.########...#
#<........≈≈≈≈.>#
##.....##.≈.....#
#.........≈≈≈≈..# .
#...............#####..
#....?.###..#..........
#.##.#.# #..#).........
#.##.#.# #..#o#........
####...[#.#
#..o@##...<...
#.........# ##...#
....... #.##.#.####
#...# ....... #.##.#.#
#.... !...... )[...#.#
#..## ....... #)##^# #
##..# ....... #.)#...
...## ##.#.#. ##'###...
..... ... ≈≈~≈≈#
########.# ..


You could see 2 orc priests.

Vanquished Creatures
  Sigmund (D:2)
  Menkaure (D:4)
  A vampire bat (D:3)
  An orc priest (D:5)
  Terence (D:3)
  5 orc wizards (D:5)
  4 adders
  2 worms
  2 dart slugs
  7 orcs
  4 ball pythons
  7 endoplasms
  4 giant cockroaches
  5 goblins
  14 hobgoblins
  3 jackals (D:3)
  4 quokkas
  9 bats
  4 frilled lizards
  9 kobolds
  5 rats
93 creatures vanquished.

Notes
Turn   | Place    | Note
-------+----------+-------------------------------------------
     0 | D:1      | Bnni the Formicid Earth Elementalist began the quest for
                  | the Orb.
     0 | D:1      | Reached XP level 1. HP: 13/13 MP: 3/3
   228 | D:1      | Reached XP level 2. HP: 19/19 MP: 3/5
   256 | D:1      | Learned a level 2 spell: Passwall
   630 | D:1      | Reached skill level 1 in Shields
   715 | D:1      | Reached XP level 3. HP: 25/25 MP: 2/6
   880 | D:1      | Found Cufoop Uxa's Magic Scroll Shop.
   897 | D:1      | Reached skill level 1 in Conjurations
  1007 | D:1      | Reached skill level 4 in Earth Magic
  1293 | D:2      | Noticed Sigmund
  1300 | D:2      | Killed Sigmund
  1301 | D:2      | Reached skill level 1 in Fighting
  1301 | D:2      | Reached XP level 4. HP: 32/32 MP: 1/8
  1301 | D:2      | Reached XP level 5. HP: 37/37 MP: 1/9
  1301 | D:2      | Reached XP level 6. HP: 43/43 MP: 1/10
  1754 | D:2      | Learned a level 3 spell: Stone Arrow
  1759 | D:2      | Learned a level 4 spell: Petrify
  1921 | D:2      | Found a faded altar of an unknown god.
  2163 | D:3      | Noticed Terence
  2779 | D:3      | Killed Terence
  2780 | D:3      | Reached skill level 5 in Earth Magic
  3291 | D:4      | Noticed Menkaure
  3295 | D:4      | Killed Menkaure
  3296 | D:4      | Reached XP level 7. HP: 27/50 MP: 7/11
  3674 | D:4      | Reached skill level 1 in Armour
  3776 | D:5      | Entered Level 5 of the Dungeon
  3987 | D:5      | Killed from afar by an orc priest

Illustrated notes

Levels and vault maps discovered:
D:1:      dpeg_arrival_houses_and_road, layout_loops_corners, serial_shops,
          nicolae_shop_getting_attention, chequers_serial_rivers_room_a
D:2:      layout_rooms, shapermc_ecumenical_altar_acropolis, uniq_sigmund
D:3:      layout_basic, columned_hall_lemuel, hex_tiny, roderic_batcave,
          uniq_terence
D:4:      layout_basic, uniq_menkaure
D:5:      layout_loops_ring, minmay_temple_entry_large_hall, serial_rivers,
          chequers_serial_rivers_micro_d, chequers_serial_rivers_room_a,
          chequers_serial_rivers_micro_d, chequers_serial_rivers_large_a,
          chequers_serial_rivers_micro_a, chequers_serial_rivers_room_b

Skill      XL: |  1  2  3  4  5  6  7 |
---------------+----------------------+-----
Shields        | 1 2 3 4 |  4.5
Conjurations   | 1 2 3 |  3.0
Earth Magic    | 4 5 |  5.6
Fighting       | 1 2 |  2.4
Transmutations | 2 3 |  3.0
Spellcasting   | 3 |  3.2
Armour         | 1 |  1.4
Dodging        | |  1.7
Stealth        | |  2.4

Action                     |  1- 3 |  4- 6 |  7- 9 || total
---------------------------+-------+-------+-------++-------
  Melee: Unarmed           |    15 |       |       ||    15
         Short sword       |     1 |       |       ||     1
         Quarterstaff      |       |    50 |    15 ||    65
         Trident           |       |     5 |       ||     5
         Punch             |       |     1 |       ||     1
  Throw: Dart              |       |     1 |       ||     1
   Cast: Sandblast         |    34 |    43 |    44 ||   121
    Use: Scroll            |       |     2 |       ||     2
   Stab: Sleeping          |       |     2 |     1 ||     3
 Armour: Robe              |     1 |    38 |    13 ||    52
         Ring mail         |       |       |     6 ||     6
  Dodge: Dodged            |    17 |    70 |    21 ||   108
